 Dungeon Crawl Stone Soup version 0.21.0-24-g2553a33 (webtiles) character file.

615 HammerPanzer the Basher (level 7, -1/61 HPs)
             Began as a Minotaur Berserker on Jan 19, 2018.
             Was a Priest of Trog.
             Succumbed to a killer bee's poison
             ... on level 5 of the Dungeon.
             The game lasted 00:11:47 (3589 turns).

HammerPanzer the Basher (Minotaur Berserker)        Turns: 3589, Time: 00:11:47

Health: -1/61      AC: 12    Str: 22    XL:     7   Next: 21%
Magic:  6/6        EV:  4    Int:  5    God:    Trog [***...]
Gold:   196        SH:  9    Dex: 12    Spells: 6/6 levels left

rFire    . . .     SeeInvis .   a - +0 mace
rCold    . . .     Gourm    .   s - +0 shield
rNeg     . . .     Faith    .   i - +0 plate armour
rPois    .         Spirit   .   (helmet restricted)
rElec    .         Reflect  .   (no cloak)
rCorr    .         Harm     .   b - +0 pair of gloves
MR       +....                  (no boots)
Stlth    ..........             (no amulet)
HPRegen  0.20/turn              v - +2 ring of dexterity
MPRegen  0.10/turn              t - ring of protection from magic

@: lethally poisoned (-1 -> -11), berserk cooldown, slowed, very slow
A: retaliatory headbutt, horns 2
a: Berserk, Trog's Hand, Burn Spellbooks, Renounce Religion


You were on level 5 of the Dungeon.
You worshipped Trog.
Trog was most pleased with you.
You were hungry.

You visited 1 branch of the dungeon, and saw 5 of its levels.

You collected 341 gold pieces.
You spent 145 gold pieces at shops.

Inventory:

Hand Weapons
 a - a +0 mace (weapon)
Armour
 b - a +0 pair of gloves (worn)
 i - a +0 plate armour (worn)
 s - a +0 shield (worn)
Jewellery
 e - an uncursed ring of protection from cold
 t - a ring of protection from magic (right hand)
 v - a +2 ring of dexterity (left hand)
Wands
 u - a wand of digging (9)
 A - a wand of disintegration (11)
 B - a wand of polymorph (10)
Scrolls
 g - 9 scrolls of teleportation {unknown}
 k - 2 scrolls of enchant armour {unknown}
 l - a scroll of noise {unknown}
 n - 2 scrolls of magic mapping {unknown}
 r - 2 scrolls of immolation {unknown}
 x - 2 scrolls of remove curse
 y - 2 scrolls of blinking
 z - a scroll of fog {unknown}
Potions
 d - 2 potions of lignification
 f - 4 potions of curing
 h - 2 potions of haste
 j - a potion of cancellation {unknown}
 m - a potion of degeneration {unknown}
 o - a potion of berserk rage {unknown}
 p - a potion of agility {unknown}
 q - a potion of flight {unknown}
Comestibles
 c - 6 rations
 w - 7 chunks of flesh


   Skills:
 + Level 5.4 Fighting
 * Level 8.6 Maces & Flails
 - Level 2.4 Armour
 - Level 2.1 Dodging
 + Level 0.3 Stealth
 + Level 2.8 Shields


You had 6 spell levels left.
You didn't know any spells.

Dungeon Overview and Level Annotations

Branches:
Dungeon (5/15)
 Temple: D:4-7

Altars:
Makhleb
Ru
Sif Muna
Vehumet

Shops:
D:4 *


Innate Abilities, Weirdness & Mutations

You reflexively headbutt those who attack you in melee.
You have a pair of horns on your head.


Message History

* * * LOW HITPOINT WARNING * * *
You feel sick.
* * * LOW HITPOINT WARNING * * *
You feel sick.
Found a sacrificial altar of Ru.
You see here a killer bee corpse.
You feel a strong urge to attack something.
* * * LOW HITPOINT WARNING * * *
You feel sick.
There is an open door, spattered with blood here.
You are no longer berserk.
You are exhausted.
You feel yourself slow down.
* * * LOW HITPOINT WARNING * * *
You feel sick.
* * * LOW HITPOINT WARNING * * *
You feel sick.
* * * LOW HITPOINT WARNING * * *
You feel sick.
You die...

####..........#
..............#
..............#
..............#
..............#
..............#
..............#
...........####
..........@#
...........#
..........†#######
..........'†....###
..........#†......#
.....######.#######
..... ... ###..
##.## #. ...


There were no monsters in sight!

Vanquished Creatures
  A sky beast (D:5)
  3 killer bees (D:5)
  2 hounds (D:4)
  An orc priest (D:3)
  An orc wizard (D:4)
  Natasha (thrice) (D:3)
  A worker ant (D:4)
  Ijyb (D:3)
  A hound skeleton (D:5)
  Robin (D:3)
  5 adders
  2 oozes
  A worm (D:3)
  3 leopard geckos
  11 orcs
  4 bats
  17 goblins
  4 hobgoblins
  7 jackals
  A quokka (D:3)
  A ball python (D:1)
  2 frilled lizards
  5 kobolds
  6 rats
84 creatures vanquished.

Notes
Turn   | Place    | Note
-------+----------+-------------------------------------------
     0 | D:1      | HammerPanzer the Minotaur Berserker began the quest for the Orb.
     0 | D:1      | Reached XP level 1. HP: 19/19 MP: 0/0
   175 | D:1      | Reached skill level 4 in Maces & Flails
   216 | D:1      | Reached XP level 2. HP: 17/27 MP: 1/1
   883 | D:2      | Reached XP level 3. HP: 30/33 MP: 2/2
  1098 | D:2      | Found a radiant altar of Vehumet.
  1126 | D:2      | Reached ** piety under Trog
  1318 | D:2      | Reached skill level 5 in Maces & Flails
  1636 | D:3      | Reached XP level 4. HP: 41/41 MP: 3/3
  1752 | D:3      | Noticed Robin
  1764 | D:3      | Noticed Ijyb
  1766 | D:3      | Killed Robin
  1772 | D:3      | Reached skill level 6 in Maces & Flails
  1777 | D:3      | Killed Ijyb
  1777 | D:3      | Reached XP level 5. HP: 30/47 MP: 4/4
  1915 | D:3      | Found a deep blue altar of Sif Muna.
  1965 | D:3      | Noticed Natasha
  1973 | D:3      | Killed Natasha
  1992 | D:3      | Noticed Natasha
  2000 | D:3      | Killed Natasha
  2009 | D:3      | Noticed Natasha
  2020 | D:3      | Killed Natasha
  2020 | D:3      | Reached skill level 5 in Fighting
  2020 | D:3      | Reached skill level 1 in Shields
  2389 | D:4      | Found a burning altar of Makhleb.
  2408 | D:4      | Found Wualuach's General Store.
  2411 | D:4      | Bought a scroll of remove curse for 30 gold pieces
  2411 | D:4      | Bought a scroll of identify for 20 gold pieces
  2411 | D:4      | Bought a scroll of identify for 20 gold pieces
  2411 | D:4      | Bought a scroll of blinking for 75 gold pieces
  2421 | D:4      | Reached skill level 7 in Maces & Flails
  2421 | D:4      | Reached XP level 6. HP: 52/56 MP: 5/5
  2904 | D:4      | Reached *** piety under Trog
  3434 | D:5      | Entered Level 5 of the Dungeon
  3467 | D:5      | Noticed a sky beast
  3490 | D:5      | Killed a sky beast
  3490 | D:5      | Reached skill level 8 in Maces & Flails
  3576 | D:5      | Reached XP level 7. HP: 37/61 MP: 6/6
  3584 | D:5      | Found a sacrificial altar of Ru.
  3587 | D:5      | HP: 3/61 [poisoned by a killer bee]
  3588 | D:5      | HP: 1/61 [poisoned by a killer bee]
  3589 | D:5      | Succumbed to a killer bee's poison

Skill      XL: |  1  2  3  4  5  6 |
---------------+-------------------+-----
Maces & Flails | 4 5 6 7 8 |  8.6
Fighting       | 4 5 |  5.4
Shields        | 1 2 |  2.8
Armour         | |  2.4
Dodging        | |  2.1
Stealth        | |  0.3

Action                   |  1- 3 |  4- 6 |  7- 9 || total
-------------------------+-------+-------+-------++-------
Melee: Mace              |    95 |   154 |     6 ||   255
       Headbutt          |    13 |    28 |     1 ||    42
Invok: Berserk           |     2 |     2 |       ||     4
  Use: Scroll            |       |     3 |       ||     3
  Eat: Chunk             |     3 |     9 |       ||    12
Armor: Plate armour      |    73 |   142 |     5 ||   220
Dodge: Dodged            |    34 |    36 |     2 ||    72
Block: Shield            |       |    82 |     3 ||    85
